cohdb
Replays
Latest Replays
All Replays
Popular Replays
Top Player Replays
Match Explorer
How It Works
Community
CoH3 Stats
Reddit
Sign in to upload your games and track your stats! →
Sign in with Steam
Match 42917577
Unlisted
Match 42917577
Overview
Messages
Build Orders
End
Construct Barracks
Scout Squad
Riflemen Squad
Riflemen Squad
Riflemen Squad
Construct Weapon Support Center
Grenade Package
M1919 Machine Gun Team
Bazooka Squad
Mechanized Support Center
Construct Medical Station
Construct Motor Pool
M8 Greyhound Armored Car
Engineer Squad
M1919 Machine Gun Team
M1 Anti-tank Gun Team
Selects Heavy Weapons
Selects Assault Carriers
Selects Exchangeable Parts
M1918 Browning Automatic Rifles
M1919 Machine Gun Team
matrix4x4
bolihaimian
0
0
Comments
sign in to comment!
No comments posted yet!